 Dungeon Crawl Stone Soup version 0.32-a0-938-g40ac7a0f4d (webtiles) character file.

Game seed: 15608971720256418146

222 Hubris850 the Charlatan (level 5, -3/40 HPs)
             Began as a Coglin Artificer on Apr 15, 2024.
             Slain by Duvessa
             ... wielding a +0 short sword
              (11 damage)
             ... on level 4 of the Dungeon.
             The game lasted 00:06:23 (2022 turns).

Hubris850 the Charlatan (Coglin Artificer)          Turns: 2022, Time: 00:06:25

Health: -3/40      AC:  8    Str: 17    XL:     5   Next: 99%
Magic:  1/1        EV: 11    Int: 12    God:
Gold:   125        SH:  0    Dex: 12    Spells: 4/4 levels left

rFire   . . .        n - +5 sling of Rexzo {antimagic, Fly rN+ Int+2}
rCold   . . .        g - +0 sling {Qinisela}
rNeg    + . .        i - +3 leather armour of Anaesthesia {rPois Str+5 Dex-5 Stlth+}
rPois   +            h - +0 helmet
rElec   .            (no cloak)
rCorr   .            (no gloves)
SInv    .            k - +0 pair of boots
Will    .....        (amulet unavailable)
Stlth   +            (ring unavailable)
HPRegen 0.26/turn    (ring unavailable)
MPRegen 0.07/turn    (no gizmo)

%: no passive effects
@: lit by a corona, flying, glowing, revved
A: off-hand wielding, slow wielding, warmup strikes, no jewellery
a: Invent Gizmo


You were on level 4 of the Dungeon.
You visited 1 branch of the dungeon, and saw 4 of its levels.

You collected 125 gold pieces.

Inventory:

Hand Weapons
 a - a +0 club {Junzo}
 f - a +1 dagger {Tae}
 g - a +0 sling (offhand) {Qinisela}
 j - a +0 mace {Qiang}
 n - the +5 sling of Rexzo (weapon) {antimagic, Fly rN+ Int+2}
   (You found it on level 2 of the Dungeon)

   Int+2:     It affects your intelligence (+2).
   rN+:       It protects you from negative energy.
   Fly:       It grants you flight.
 p - a +0 short sword of electrocution
Armour
 b - a +0 leather armour
 h - a +0 helmet (worn)
 i - the +3 leather armour of Anaesthesia (worn) {rPois Str+5 Dex-5 Stlth+}
   (You found it on level 2 of the Dungeon)

   Str+5:     It affects your strength (+5).
   Dex-5:     It affects your dexterity (-5).
   rPois:     It protects you from poison.
   Stlth+:    It makes you more stealthy.
 k - a +0 pair of boots (worn)
Wands
 c - a wand of flame (14)
 d - a wand of charming (15)
 e - a wand of iceblast (3)
 s - a wand of roots (8)
Scrolls
 o - a scroll of amnesia
Potions
 l - a potion of brilliance {unknown}
 m - a potion of haste {unknown}
 q - a potion of might {unknown}
 r - a potion of curing {unknown}


   Skills:
 + Level 2.8 Fighting
 + Level 3.0 Armour
 + Level 2.6 Dodging
 + Level 2.5 Stealth
 - Level 4.0 Evocations


You had 4 spell levels left.
You didn't know any spells.
Your spell library contained the following spells:

 Spells                   Type           Power      Damage    Failure   Level
 Apportation              Tloc           0%         N/A       36%         1
 Necrotise                Necr           0%         1d4       36%         1
 Jinxbite                 Hex            0%         N/A       52%         2
 Frozen Ramparts          Ice            0%         1d1       75%         3
 Ozocubu's Armour         Ice            0%         N/A       75%         3
 Vampiric Draining        Necr           0%         2d6       75%         3
 Martyr's Knell           Necr/Summ      0%         N/A       98%         4
 Alistair's Intoxication  Alch           0%         N/A       100%        5
 Curse of Agony           Necr           0%         N/A       100%        5
 Metabolic Englaciation   Hex/Ice        0%         N/A       100%        5


Dungeon Overview and Level Annotations

Branches:
Dungeon (4/15)
 Temple: D:4-7

Altars:

Annotations:
D:4 Duvessa


Innate Abilities, Weirdness & Mutations

You can wield a second weapon in your off-hand.
It takes a long time for you to wield or remove held weapons.
Your first few attacks do less damage.
You cannot equip rings or amulets.


Message History

You shoot a sling bullet.
The sling bullet hits Duvessa but does no damage.
Duvessa is severely wounded.
You shoot a sling bullet. The sling bullet hits Duvessa.
Duvessa is severely wounded.
Duvessa barely misses you. Duvessa hits you with a +0 short sword!
The giant cockroach bites you but does no damage.
Aiming: Throw Flame
Press: ? - help, Shift-Dir - straight line, f/p - Duvessa
Aim: Duvessa, wielding a +0 short sword and wearing a +2 leather armour of willpower (severely wounded, berserk, 75% to hit)
The puff of flame hits Duvessa but does no damage.
Duvessa is severely wounded.
Duvessa hits you with a +0 short sword!
The giant cockroach bites you but does no damage.
Duvessa hits you but does no damage.
You shoot a sling bullet. The sling bullet hits Duvessa.
Duvessa is severely wounded.
You shoot a sling bullet.
The sling bullet hits Duvessa but does no damage.
Duvessa is severely wounded.
Duvessa hits you but does no damage. The giant cockroach closely misses you.
Duvessa hits you with a +0 short sword. The giant cockroach barely misses you.
Fire: n) +5 sling of Rexzo {antimagic, Fly rN+ Int+2}
Press: ? - help, Q - select action, (/) - cycle Shift-Dir - straight line, f/p - Duvessa
Aim: Duvessa, wielding a +0 short sword and wearing a +2 leather armour of willpower (severely wounded, berserk, 65% to hit)
You can't see any item there.
Okay, then.
Unknown command.
Fire: n) +5 sling of Rexzo {antimagic, Fly rN+ Int+2}
Press: ? - help, Q - select action, (/) - cycle Shift-Dir - straight line, f/p - Duvessa
Aim: Duvessa, wielding a +0 short sword and wearing a +2 leather armour of willpower (severely wounded, berserk, 65% to hit)
You shoot a sling bullet. The sling bullet barely misses Duvessa.
You shoot a sling bullet. The sling bullet hits Duvessa.
Duvessa is almost dead.
Duvessa hits you with a +0 short sword!
* * * LOW HITPOINT WARNING * * *
The giant cockroach misses you. Duvessa hits you with a +0 short sword!
You die...

.####.
####......
#.........
#.......).
#.........
#.........
#.........
#.@e......
#..B......
#......)..
#.........
#.........
#######...
.## #


You could see Duvessa (berserk) and a giant cockroach.

Vanquished Creatures
  Dowan (D:4)
  A jelly (D:4)
  An orc priest (D:3)
  An orc wizard (D:3)
  Robin (D:2)
  An adder (D:2)
  A dart slug (D:2)
  A ribbon worm (D:3)
  4 orcs (D:3)
  5 endoplasms
  3 giant cockroaches
  16 goblins
  5 hobgoblins
  2 jackals (D:1)
  A quokka (D:2)
  A ball python (D:3)
  3 bats
  5 frilled lizards
  3 kobolds
  4 rats
60 creatures vanquished.

Notes
Turn   | Place    | Note
-------+----------+-------------------------------------------
     0 | D:1      | Hubris850 the Coglin Artificer began the quest for the Orb.
     0 | D:1      | Reached XP level 1. HP: 15/15 MP: 1/1
   123 | D:1      | Reached skill level 1 in Dodging
   140 | D:1      | Reached skill level 1 in Stealth
   239 | D:1      | Reached XP level 2. HP: 13/21 MP: 2/2
   796 | D:2      | Reached XP level 3. HP: 26/26 MP: 3/3
   862 | D:2      | Noticed Robin
   896 | D:2      | Killed Robin
   981 | D:2      | Reached XP level 4. HP: 32/33 MP: 4/4
  1094 | D:2      | Identified the +3 leather armour of Anaesthesia {rPois
                  | Str+5 Dex-5 Stlth+}
  1218 | D:2      | Identified the +5 sling of Rexzo {antimagic, Fly rN+ Int+2}
  1527 | D:3      | Reached XP level 5. HP: 25/39 MP: 1/5
  2014 | D:4      | Noticed Duvessa
  2014 | D:4      | Noticed Dowan
  2017 | D:4      | Killed Dowan
  2022 | D:4      | Slain by Duvessa

Illustrated notes

Levels and vault maps discovered:
D:1:      lemuel_arrival_funnel, layout_loops_ring, glass_columns_a
D:2:      layout_basic, uniq_robin
D:3:      layout_rooms, guppyfry_early_orc_mine
D:4:      layout_basic, uniq_duvessa, uniq_ijyb

Skill      XL: |  1  2  3  4  5 |
---------------+----------------+-----
Dodging        | 1 2 |  2.6
Stealth        | 1 2 |  2.5
Armour         | 2 3 |  3.0
Fighting       | 2 |  2.8
Evocations     | |  4.0

Action                     |  1- 3 |  4- 6 || total
---------------------------+-------+-------++-------
  Melee: Dagger            |    56 |     7 ||    63
         Club              |     8 |       ||     8
         Mace              |    53 |     8 ||    61
   Fire: Sling             |       |   104 ||   104
  Evoke: Wand              |       |     3 ||     3
    Use: Scroll            |     4 |     2 ||     6
   Stab: Sleeping          |     2 |       ||     2
 Armour: Leather armour    |    32 |    15 ||    47
  Dodge: Dodged            |    32 |    14 ||    46

Table legend: (Time is in decaauts)
 A = Elapsed time spent in this place.
 B = Non-inter-level travel time spent in this place.
 C = Inter-level travel time spent in this place.
 D = Time resting spent in this place.
 E = Time spent auto-exploring this place.
 F = Levels seen in this place.
 G = Mean time per level.
                   A        B        C        D        E       F      G
               +--------+--------+--------+--------+--------+-----+--------+
         Total |   2057 |   2011 |     46 |     66 |   1529 |   4 |  514.2 |
       Dungeon |   2057 |   2011 |     46 |     66 |   1529 |   4 |  514.2 |
               +--------+--------+--------+--------+--------+-----+--------+

Top non-repeatable levels by time:
     D:2: 850 daAuts
     D:1: 594 daAuts
     D:3: 502 daAuts
     D:4: 110 daAuts
